Map: Cyber Forest LE

Players

HateMe - Winner!

  • Race: Zerg Zerg
  • Spawn Location: 11:00

SortOf

  • Race: Zerg Zerg
  • Spawn Location: 5:00

Event: 2019 WCS Winter Europe

VOD

Have the link to the VOD?

Description

Time

  • Played on: Feb. 10, 2019, 10:48 a.m.
  • Length: 14:07

All games in this series

Show
View Real Time Build Order
Export as new Build Order

HateMe Zerg - Winner!

Build Orders: Hatch First, Roach Nydus 

Get SALT Encoding   

  12  0:00  Drone  
  13  0:12  Overlord  
  13  0:16  Drone  
  14  0:30  Drone x2  
  16  0:48  Hatchery  
  15  0:52  Drone  
  15  0:55  Drone  
  17  0:58  Drone  
  18  1:09  Extractor  
  17  1:14  Spawning Pool  
  17  1:17  Drone  
  17  1:21  Drone  
  18  1:27  Drone  
  19  1:39  Drone  
  20  1:49  Drone  
  21  1:59  Overlord  
  21  2:00  Queen  
  21  2:01  Queen, Zergling x2  
  26  2:11  Drone x2  
  26  2:12  Metabolic Boost  
  28  2:22  Drone x2  
  30  2:37  Hatchery  
  29  2:40  Drone x2  
  29  2:43  Drone  
  32  2:47  Overlord  
  31  2:54  Drone x2  
  33  3:06  Zergling x2  
  33  3:08  Drone  
  33  3:12  Drone  
  36  3:15  Evolution Chamber  
  36  3:16  Overlord  
  36  3:17  Drone x4  
  39  3:20  Drone  
  39  3:26  Roach Warren  
  39  3:33  Zergling x4  
  41  3:37  Zergling x2  
  42  3:42  Overlord  
  42  3:43  Zergling x6  
  44  3:50  Drone  
  44  3:51  Drone x3  
  44  3:54  Zerg Missile Weapons Level 1  
  48  3:55  Lair  
  48  4:05  Overlord x2  
  48  4:10  Drone x4  
  52  4:23  Overlord, Extractor  
  52  4:24  Roach x3, Extractor  
  57  4:31  Overlord  
  56  4:32  Drone x3  
  56  4:33  Roach  
  56  4:37  Roach  
  56  4:38  Overlord x2  
  62  4:48  Roach  
  64  4:55  Queen x2  
  64  4:56  Extractor, Queen  
  69  5:03  Overlord  
  69  5:04  Roach x3  
  75  5:08  Roach  
  75  5:25  Nydus Network, Roach  
  75  5:26  Roach x2  
  80  5:49  Overlord x2  
  80  5:51  Roach x9  
  98  6:02  Nydus Canal  
  98  6:04  Glial Reconstitution  
  98  6:09  Roach x2  
  102  6:13  Roach x2  
  102  6:16  Nydus Canal  
  104  6:26  Roach x5  
  104  6:31  Nydus Canal  
  115  6:33  Roach  
  115  6:38  Roach x2  
  119  6:41  Roach  
  119  6:46  Nydus Canal  
  121  6:51  Overlord  
  121  6:53  Drone x7  
  128  6:57  Zerg Missile Weapons Level 2  
  128  7:06  Nydus Canal  
  124  7:15  Roach  
  124  7:16  Roach x5  
  124  7:20  Roach x2  
  116  7:26  Nydus Canal  
  116  7:29  Roach  
  114  7:30  Roach  
  114  7:36  Roach  
  114  7:37  Roach  
  113  7:44  Roach x2  
  113  7:49  Roach x3  
  114  7:58  Roach  
  104  8:06  Roach x2, Queen x2  
  104  8:07  Queen  
  104  8:11  Nydus Canal  
  114  8:16  Roach x3  
  120  8:23  Roach  
  120  8:24  Roach x2  
  126  8:40  Spire  
  125  8:47  Overlord x2  
  125  8:50  Extractor, Drone x4  
  125  8:51  Extractor  
  125  8:54  Roach x3  
  131  9:08  Drone x2  
  131  9:22  Nydus Canal  
  131  9:26  Overlord x2  
  131  9:34  Roach x9  
  149  9:42  Overlord  
  149  9:44  Overlord  
  149  9:51  Mutalisk x4  
  157  9:56  Mutalisk x2  
  161  10:00  Mutalisk  
  161  10:04  Mutalisk  
  165  10:07  Overlord  
  165  10:11  Overlord  
  165  10:17  Mutalisk  
  165  10:23  Mutalisk x2  
  165  10:27  Mutalisk  
  171  10:29  Mutalisk  
  173  10:36  Mutalisk  
  173  10:38  Overlord  
  173  10:41  Mutalisk  
  177  10:48  Mutalisk  
  179  11:03  Mutalisk  
  179  11:04  Mutalisk x2  
  183  11:13  Mutalisk  
  183  11:15  Overlord  
  183  11:16  Mutalisk  
  187  11:29  Queen x3  
  187  11:31  Overlord  
  193  11:35  Nydus Canal  
  193  11:52  Zerg Flyer Armor Level 1  
  193  11:59  Mutalisk x3  
  195  12:13  Mutalisk x3  
  195  12:14  Hatchery  
  194  12:27  Mutalisk x3  
  186  12:35  Mutalisk  
  186  12:36  Mutalisk  
  166  12:44  Mutalisk  
  162  12:46  Spore Crawler  
  162  12:47  Spore Crawler x2  
  161  12:53  Mutalisk  
  141  13:00  Mutalisk x2  
  133  13:12  Mutalisk x2  
  123  13:18  Mutalisk  
  125  13:20  Zergling x10  
  122  13:29  Mutalisk  
  122  13:32  Mutalisk  
  118  13:39  Mutalisk  
  120  13:42  Mutalisk  
  120  13:46  Zergling x2  
  120  13:47  Zergling x8  
Show
View Real Time Build Order
Export as new Build Order

SortOf Zerg 

Build Orders: Hatch First 

Get SALT Encoding   

  12  0:01  Drone  
  13  0:12  Overlord  
  13  0:17  Drone  
  14  0:30  Drone  
  15  0:45  Hatchery  
  15  0:48  Drone  
  15  0:52  Drone  
  15  0:55  Drone  
  17  1:10  Spawning Pool  
  16  1:13  Drone  
  16  1:17  Drone  
  18  1:30  Drone  
  19  1:35  Drone  
  20  1:44  Drone  
  21  1:55  Hatchery  
  21  1:58  Queen, Zergling x2  
  23  2:06  Queen  
  25  2:11  Overlord  
  25  2:14  Drone  
  26  2:17  Drone  
  27  2:24  Drone  
  28  2:34  Drone x3  
  28  2:37  Queen  
  30  2:41  Overlord  
  32  2:49  Drone x2  
  34  2:54  Drone  
  35  2:59  Extractor  
  35  3:00  Extractor  
  35  3:01  Drone  
  35  3:03  Evolution Chamber  
  35  3:04  Drone  
  34  3:10  Drone x4  
  34  3:12  Queen  
  40  3:17  Drone x2  
  42  3:22  Overlord  
  42  3:24  Drone x2  
  42  3:26  Drone  
  45  3:30  Drone x2  
  45  3:33  Drone  
  48  3:40  Roach Warren  
  47  3:47  Drone  
  48  3:50  Drone x2  
  48  3:52  Drone x2  
  48  3:55  Lair, Drone x2  
  54  4:05  Evolution Chamber  
  54  4:09  Drone  
  54  4:11  Drone x2  
  54  4:13  Overlord  
  54  4:14  Drone x2  
  54  4:15  Extractor  
  54  4:16  Drone  
  58  4:20  Overlord  
  58  4:21  Zerg Missile Weapons Level 1  
  58  4:24  Overlord  
  58  4:25  Overlord  
  58  4:28  Extractor  
  57  4:33  Drone x5  
  57  4:35  Roach  
  64  4:41  Roach  
  64  4:44  Drone  
  73  4:45  Roach x3  
  73  4:47  Drone  
  74  4:53  Roach  
  74  4:54  Overseer  
  74  4:56  Roach x3  
  82  5:04  Glial Reconstitution  
  82  5:06  Drone x3  
  85  5:09  Overlord, Extractor  
  84  5:17  Roach x3  
  84  5:18  Overlord  
  90  5:22  Hatchery  
  90  5:23  Overlord  
  90  5:28  Overseer  
  89  5:31  Overlord  
  89  5:34  Roach x4  
  97  5:39  Drone  
  98  5:45  Drone x6  
  98  5:49  Extractor  
  105  5:50  Roach x3  
  105  5:54  Overseer  
  109  5:58  Roach x4  
  117  6:06  Overlord  
  117  6:09  Roach x2  
  117  6:11  Overlord  
  121  6:14  Overlord  
  121  6:16  Overlord  
  121  6:20  Overlord  
  121  6:28  Roach x4  
  129  6:35  Roach x7  
  145  6:46  Ravager  
  146  6:47  Ravager x2  
  146  6:48  Roach x5  
  146  6:51  Overlord  
  146  6:52  Overlord  
  146  6:53  Overlord x2  
  155  6:58  Roach x2  
  159  7:06  Roach x2  
  159  7:12  Roach  
  155  7:16  Zerg Missile Weapons Level 2  
  155  7:18  Roach x4  
  155  7:22  Roach Warren  
  152  7:51  Hatchery  
  139  7:52  Drone x2  
  139  7:54  Overlord  
  135  8:05  Roach x5  
  139  8:11  Roach  
  141  8:16  Roach  
  141  8:18  Spire  
  142  8:23  Roach  
  142  8:25  Roach x3  
  150  8:30  Ravager x2  
  150  8:34  Roach x4  
  160  8:39  Zerg Ground Armor Level 1  
  160  8:40  Ravager  
  161  8:43  Overlord  
  161  8:44  Roach  
  161  8:47  Roach  
  161  8:48  Hatchery  
  164  8:53  Roach x9  
  182  9:09  Roach x6  
  194  9:19  Overlord  
  194  9:22  Overlord  
  194  9:31  Mutalisk x6  
  188  9:33  Zerg Flyer Weapons Level 1  
  198  9:42  Mutalisk  
  200  9:58  Hydralisk Den  
  199  10:04  Ravager  
  200  10:07  Extractor  
  200  10:08  Extractor  
  198  10:19  Spore Crawler  
  198  10:20  Spore Crawler  
  194  10:21  Mutalisk x3  
  194  10:22  Spore Crawler  
  194  10:27  Mutalisk x2  
  199  10:40  Overlord  
  199  10:42  Spore Crawler  
  198  10:44  Spore Crawler  
  198  10:49  Mutalisk x2  
  197  10:50  Spore Crawler  
  197  10:55  Overlord  
  194  11:04  Mutalisk x4  
  194  11:12  Mutalisk x2  
  198  11:25  Mutalisk  
  198  11:27  Zerg Flyer Armor Level 1  
  198  11:29  Mutalisk  
  198  11:30  Mutalisk  
  198  11:32  Mutalisk  
  200  11:42  Mutalisk  
  198  11:53  Mutalisk  
  173  12:30  Mutalisk x11  
  173  12:37  Drone x7  
  167  12:44  Mutalisk  
  158  12:49  Mutalisk  
  126  13:02  Mutalisk  
  104  13:12  Mutalisk  
  93  13:13  Mutalisk  
  93  13:19  Roach  
  84  13:34  Mutalisk x2  
Tags
 
Add a new tag
Caveats
  • Supply blocks, unpowered buildings, or Contaminate may cause inaccurate times.
  • Supply counts are checked every 10 seconds.